 Dungeon Crawl Stone Soup version 0.24.0-37-gcf1ca852f1 (webtiles) character file.

Game seed: 4239452733107111326, levelgen mode: deterministic

100 NochnoyZador the Firebug (level 4, -2/24 HPs)
             Began as a Gargoyle Fire Elementalist on Nov 24, 2019.
             Slain by a bullfrog (4 damage)
             ... on level 2 of the Dungeon.
             The game lasted 00:18:45 (2501 turns).

NochnoyZador the Firebug (GrFE)                     Turns: 2501, Time: 00:18:45

Health: -2/24      AC:  5    Str: 12    XL:     4   Next: 74%
Magic:  2/8        EV: 27    Int: 16    God:
Gold:   104        SH:  0    Dex: 10    Spells: 2/8 levels left

rFire    . . .     SeeInvis .   g - +0 dagger (speed)
rCold    . . .     Gourm    .   (no shield)
rNeg     + . .     Faith    .   a - +0 robe
rPois    ∞         Spirit   .   (no helmet)
rElec    +         Reflect  .   (no cloak)
rCorr    .         Harm     .   (no gloves)
MR       +....                  (no boots)
Stlth    ++........             o - amulet of the acrobat
HPRegen  0.08/turn              q - ring of protection from magic
MPRegen  0.11/turn              (no ring)

@: acrobat
A: negative energy resistance 1, electricity resistance, unbreathing,
petrification resistance, rot immunity, AC +3
a: no special abilities


You were on level 2 of the Dungeon.
You were not hungry.

You visited 1 branch of the dungeon, and saw 3 of its levels.

You collected 104 gold pieces.

Inventory:

Hand Weapons
 b - a +0 mace
 g - a +0 dagger of speed (weapon)
 s - a +0 flail
Missiles
 e - 53 arrows
 f - 55 stones (quivered)
Armour
 a - a +0 robe (worn)
 i - a +0 buckler
 t - a +0 leather armour
Jewellery
 o - an amulet of the acrobat (around neck)
 q - a ring of protection from magic (left hand)
Scrolls
 h - a scroll of fog {unknown}
 j - 3 scrolls of identify {unknown}
Potions
 d - 2 potions of curing {unknown}
 k - a potion of berserk rage {unknown}
 l - a potion of might {unknown}
 m - a potion of brilliance {unknown}
 n - a potion of magic {unknown}
 p - 4 potions of heal wounds {unknown}
Comestibles
 c - 3 rations
 r - a chunk of flesh


   Skills:
 - Level 2.0 Dodging
 + Level 2.4 Stealth
 + Level 2.8 Spellcasting
 + Level 2.6 Conjurations
 + Level 3.8 Fire Magic


You had 2 spell levels left.
You knew the following spells:

 Your Spells              Type           Power        Failure   Level  Hunger
a - Flame Tongue          Conj/Fire      ##...        4%          1    #......
b - Throw Flame           Conj/Fire      ##....       8%          2    ##.....
c - Conjure Flame         Conj/Fire      ##......     16%         3    ###....

Your spell library contained the following spells:

 Spells                   Type           Power        Failure   Level  Hunger
 Inner Flame              Hex/Fire       #.......     26%         3    ###....
 Sticky Flame             Conj/Fire      ##......     45%         4    #####..
 Fireball                 Conj/Fire      ##........   80%         5    ######.


Dungeon Overview and Level Annotations

Branches:
Dungeon (3/15)

Altars:


Innate Abilities, Weirdness & Mutations

You are resistant to torment.
Your stone body is resilient. (AC +3)
You are immune to poison.
You resist negative energy. (rN+)
You are resistant to electric shocks. (rElec)
You can survive without breathing.
You are immune to petrification.
You are immune to rotting.


Message History

The bullfrog completely misses you. The bullfrog barely misses you.
The bullfrog misses you.
There is a stone staircase leading up here.
The bullfrog hits you.
* * * LOW HITPOINT WARNING * * *
The bullfrog closely misses you.
You climb upwards.
There is a stone staircase leading down here.
Casting: Throw Flame (safe; 8% risk of failure)
Confirm with . or Enter, or press ? or * to list all spells.
Aiming: Flame Tongue (safe; 4% risk of failure)
Press: ? - help, Shift-Dir - straight line, f - bullfrog
Aim: a bullfrog (moderately wounded)
The flame tongue misses the bullfrog.
The bullfrog completely misses you. The bullfrog completely misses you.
The bullfrog completely misses you.
Okay, then.
The bullfrog hits you.
You die...

#.....##..)....).....
#.....##.####[......#
###.#.##.............
##........#.......#
#.###..#.#.......#
#.# #>.#.#.......#
#.###.......#.####
#.F....#.####.####
#@######.......##.
##.## ####.......
##...## ##...##.
#.###.########..####
#.# #........#.## #
#.###.######.#.# #
#......# #.#.# #
#.####.# #.#.# # #.#
#.#####.#.# #


You could see a bullfrog.

Vanquished Creatures
  An adder (D:2)
  3 worms (D:2)
  5 dart slugs
  5 leopard geckos
  3 orcs (D:3)
  4 giant cockroaches
  11 goblins
  4 hobgoblins
  A jackal (D:3)
  7 bats
  5 frilled lizards
  8 kobolds
  9 rats
66 creatures vanquished.

Notes
Turn   | Place    | Note
-------+----------+-------------------------------------------
     0 | D:1      | NochnoyZador the Gargoyle Fire Elementalist began the quest
                  | for the Orb.
     0 | D:1      | Reached XP level 1. HP: 10/10 MP: 3/3
    98 | D:1      | Reached XP level 2. HP: 15/15 MP: 5/5
   384 | D:1      | Learned a level 2 spell: Throw Flame
   498 | D:1      | Reached XP level 3. HP: 16/19 MP: 6/6
   951 | D:1      | Learned a level 3 spell: Conjure Flame
  1163 | D:2      | Found a faded altar of an unknown god.
  1352 | D:2      | Reached XP level 4. HP: 23/24 MP: 3/8
  2392 | D:3      | Noticed a bullfrog
  2501 | D:2      | Slain by a bullfrog

Levels and vault maps discovered:
D:1:      nzn_arrival_depleted_hourglass, layout_basic
D:2:      layout_loops_ring, chequers_ecumenical_altar_simple,
          kennysheep_cross_room, minmay_pentomino_r2
D:3:      layout_loops_ring, gammafunk_temple_overflow_elements,
          glass_columns_a, cheibriados_altar_1

Skill      XL: |  1  2  3 |
---------------+----------+-----
Dodging        | 2 |  2.0
Conjurations   | 2 |  2.6
Stealth        | |  2.4
Spellcasting   | |  2.8
Fire Magic     | |  3.8

Action                   |  1- 3 |  4- 6 || total
-------------------------+-------+-------++-------
Melee: Mace              |     9 |       ||     9
       Dagger            |    62 |    26 ||    88
 Cast: Flame Tongue      |    46 |    41 ||    87
       Conjure Flame     |       |     4 ||     4
       Throw Flame       |       |     3 ||     3
 Stab: Sleeping          |     2 |     1 ||     3
  Eat: Chunk             |     2 |     4 ||     6
Armor: Robe              |    17 |    17 ||    34
Dodge: Dodged            |    42 |    98 ||   140
